 Dungeon Crawl Stone Soup version 0.22-a0-252-gcace5d2 (webtiles) character file.

5992 torrenera the Martial Artist (level 10, -4/76 HPs)
             Began as a Gnoll Transmuter on Mar 2, 2018.
             Was an Elder of Okawaru.
             Slain by a raiju (7 damage)
             ... on level 2 of the Abyss.
             The game lasted 00:32:16 (10461 turns).

torrenera the Martial Artist (Gnoll Transmuter)    Turns: 10461, Time: 00:32:16

Health: -4/76      AC: 11    Str: 12    XL:     10   Next: 85%
Magic:  17/21      EV: 20    Int: 22    God:    Okawaru [****..]
Gold:   375        SH:  0    Dex: 20    Spells: 4/24 levels left

rFire    . . .     SeeInvis .     - Unarmed
rCold    + . .     Gourm    .   (shield currently unavailable)
rNeg     . . .     Faith    .   G - +0 robe of Qazlal's Supremacy {rC+ Dex+5}
rPois    .         Spirit   .   A - +1 helmet
rElec    .         Reflect  .   (no cloak)
rCorr    .         Harm     .   (gloves currently unavailable)
MR       .....                  O - +0 pair of boots
Stlth    +++.......             (no amulet)
HPRegen  0.00/turn              f - +5 ring of protection
MPRegen  0.17/turn              L - +2 ring of evasion (curse)

@: blade hands (expiring), non-regenerating, diseased
A: distributed training, fangs 1, blink, blurry vision 1, clever 2, weak 1,
strong nose
a: End Transformation, Blink, Heroism, Renounce Religion


You were on level 2 of the Abyss.
You worshipped Okawaru.
Okawaru was greatly pleased with you.
You were near starving.
You had blades for hands.
You visited 2 branches of the dungeon, and saw 11 of its levels.
You visited the Abyss 1 time.
You also visited: Ossuary.

You collected 575 gold pieces.
You spent 200 gold pieces at shops.

Inventory:

Hand Weapons
 x - a +0 longbow
Missiles
 a - 131 arrows
 t - 7 javelins (quivered)
 v - 37 poisoned needles
 H - 5 needles of sleeping
Armour
 e - a +2 pair of gloves (melded)
 z - a +0 buckler (melded)
 A - a +1 helmet (worn)
 G - the +0 robe of Qazlal's Supremacy (worn) {rC+ Dex+5}
   (You found it on level 6 of the Dungeon)

   It affects your dexterity (+5).
   It protects you from cold.
 O - a +0 pair of boots (worn)
Jewellery
 f - a +5 ring of protection (left scythe-like blade)
 h - an uncursed ring of see invisible
 u - an uncursed ring of positive energy
 L - a cursed +2 ring of evasion (right scythe-like blade)
Wands
 N - a wand of random effects (34)
Scrolls
 i - a scroll of holy word
 l - 10 scrolls of remove curse
 n - a scroll of teleportation {unknown}
 o - 3 scrolls of enchant armour
 p - 2 scrolls of immolation {unknown}
 C - a scroll of amnesia
 E - 2 scrolls of fog
 M - a scroll of torment {unknown}
Potions
 b - a potion of magic
 g - a potion of degeneration {unknown}
 j - a potion of mutation
 m - a potion of berserk rage
 q - 2 potions of invisibility
 r - 2 potions of brilliance
 B - a potion of lignification {unknown}
 D - 7 potions of might
 F - 3 potions of haste
 I - 2 potions of agility {unknown}
 J - a potion of heal wounds
 K - 3 potions of curing
Miscellaneous
 w - a sack of spiders
Comestibles
 c - 7 chunks of flesh
 d - 21 rations


   Skills:
 + Level 6.2 Fighting
 + Level 5.5 Short Blades
 + Level 5.5 Long Blades
 + Level 5.5 Axes
 + Level 5.5 Maces & Flails
 + Level 5.5 Polearms
 + Level 5.5 Staves
 + Level 5.5 Slings
 + Level 5.5 Bows
 + Level 5.5 Crossbows
 + Level 5.5 Throwing
 + Level 5.5 Armour
 + Level 7.3 Dodging
 + Level 5.5 Stealth
 + Level 5.5 Shields
 + Level 8.7 Unarmed Combat
 + Level 7.5 Spellcasting
 + Level 4.6 Conjurations
 + Level 4.6 Hexes
 + Level 4.6 Charms
 + Level 4.6 Summonings
 + Level 4.6 Necromancy
 + Level 4.6 Translocations
 + Level 6.0 Transmutations
 + Level 4.6 Fire Magic
 + Level 4.6 Ice Magic
 + Level 4.6 Air Magic
 + Level 4.6 Earth Magic
 + Level 4.6 Poison Magic
 + Level 6.1 Invocations
 + Level 5.5 Evocations


You had 4 spell levels left.
You knew the following spells:

 Your Spells              Type           Power        Failure   Level  Hunger
a - Beastly Appendage     Tmut           #####.       13%         1    None
b - Sticks to Snakes      Tmut           #####...     14%         2    None
c - Spider Form           Tmut/Pois      ####......   24%         3    None
d - Ice Form              Ice/Tmut       ####....     43%         4    ###....
e - Blade Hands           Tmut           #####.....   58%         5    #####..
f - Apportation           Tloc           ####..       16%         1    None
g - Summon Butterflies    Summ           ####....     16%         1    None
h - Tukima's Dance        Hex            ####....     28%         3    None


Dungeon Overview and Level Annotations

Branches:
Dungeon (10/15)            Temple (1/1) D:6
   Lair: D:8-11         Orc: D:9-12

Altars:
Ashenzari
Cheibriados
Dithmenos
Elyvilon
Fedhas
Hepliaklqana
Kikubaaqudgha
Makhleb
Nemelex Xobeh
Okawaru
Qazlal
Ru
Sif Muna
Trog
Uskayaw
Vehumet
Wu Jian
Xom
Yredelemnul
Zin
The Shining One

Shops:
D:7 =   D:8 }

Annotations:
D:10 Sonja


Innate Abilities, Weirdness & Mutations

Your experience applies equally to all skills.
You have very sharp teeth.
Your uncanny sense of smell can sniff out nearby items.
You can translocate small distances at will.
Scrolls take you a little longer to read.
Your mind is very acute. (Int +4)
You are weak. (Str -2)


Message History

The raiju bites you.
* * * LOW HITPOINT WARNING * * *
The raiju shocks you!
* * * LOW HITPOINT WARNING * * *
You feel much better. The raiju bites you. The raiju shocks you!
* * * LOW HITPOINT WARNING * * *
The raiju barks!
You slash the raiju!
You kill the raiju!
Okawaru accepts your kill.
A large abomination comes into view.
The raiju bursts into living lightning!
The living lightning hits you!
* * * LOW HITPOINT WARNING * * *
The living lightning misses you.
The raiju blinks! x3
Found a scroll of holy word.
You slash the raiju! x2
The raiju is heavily wounded.
The raiju bites you!
You die...

∆ ## ####. . #.
.. .##.# #.#.
....# ### #..#
...# ..#
#h@##.#.# . #
....X?##.....##.#
.....
#..#.###..###..
...#
#.#####.......x
.. ###..#.#..#
##... .
##.....#..#....#
#.#....#... #.# .
#.#.#..... ...#
## #..##....
..#...


You could see a large abomination and a raiju.

Vanquished Creatures
  A two-headed ogre (D:7)
  2 raiju (Abyss:2)
  4 hippogriffs
  A spriggan (D:7)
  A wyvern (D:8)
  A hungry ghost (D:8)
  Eustachio (D:4)
  A neqoxec (Abyss:2)
  A steam dragon (D:8)
  A small abomination (Abyss:2)
  Duvessa (D:4)
  2 phantoms
  An ice beast (D:7)
  A black bear (D:9)
  An orc warrior (D:7)
  4 centaurs
  4 ogres
  A crocodile (D:9)
  A bullfrog (D:9)
  A wyvern zombie (D:8)
  Dowan (D:4)
  4 water moccasin zombies (Ossuary)
  2 scorpions
  12 killer bees
  3 howler monkeys (D:8)
  2 crimson imps (D:6)
  A centaur skeleton (D:7)
  2 orc priests
  4 hounds
  2 iguanas
  3 orc wizards
  Terence (D:3)
  5 worker ants
  5 big kobold zombies (Ossuary)
  A hound zombie (D:7)
  2 mummies (Ossuary)
  A worker ant zombie (D:9)
  Robin (D:4)
  A gnoll (D:3)
  8 adders
  A shadow imp (D:7)
  3 oozes
  8 adder zombies
  An adder skeleton (D:4)
  2 worms
  4 dart slugs
  4 leopard geckos
  25 orcs
  12 bats
  4 giant cockroaches
  3 gnoll zombies (Ossuary)
  10 hobgoblins
  10 jackals
  6 quokkas
  A ball python (D:4)
  6 frilled lizards
  18 goblins
  5 hobgoblin zombies (Ossuary)
  A jackal zombie (D:8)
  4 kobolds
  7 kobold zombies (Ossuary)
  2 leopard gecko skeletons (D:7)
  4 orc zombies (Ossuary)
  2 quokka skeletons
  3 quokka zombies
  12 rats
250 creatures vanquished.

Vanquished Creatures (collateral kills)
  An orc wizard (D:2)
  A gnoll (D:3)
  A jackal (D:3)
  A kobold (D:3)
4 creatures vanquished.

Vanquished Creatures (others)
  A bullfrog (D:8)
  An orc wizard (D:8)
  A quokka (D:8)
3 creatures vanquished.

Grand Total: 257 creatures vanquished

Notes
Turn   | Place    | Note
-------+----------+-------------------------------------------
     0 | D:1      | torrenera the Gnoll Transmuter began the quest for the Orb.
     0 | D:1      | Reached XP level 1. HP: 17/17 MP: 6/6
   177 | D:1      | Reached XP level 2. HP: 23/23 MP: 7/7
   181 | D:1      | Learned a level 2 spell: Sticks to Snakes
   344 | D:1      | Reached XP level 3. HP: 26/28 MP: 9/9
   454 | D:1      | Reached skill level 5 in Spellcasting
   950 | D:2      | Reached skill level 1 in Invocations
  1196 | D:2      | Reached skill level 1 in Short Blades
  1196 | D:2      | Reached skill level 1 in Long Blades
  1196 | D:2      | Reached skill level 1 in Axes
  1196 | D:2      | Reached skill level 1 in Maces & Flails
  1196 | D:2      | Reached skill level 1 in Polearms
  1196 | D:2      | Reached skill level 1 in Staves
  1196 | D:2      | Reached skill level 1 in Slings
  1196 | D:2      | Reached skill level 1 in Bows
  1196 | D:2      | Reached skill level 1 in Crossbows
  1196 | D:2      | Reached skill level 1 in Throwing
  1196 | D:2      | Reached skill level 1 in Armour
  1196 | D:2      | Reached skill level 1 in Stealth
  1196 | D:2      | Reached skill level 1 in Shields
  1196 | D:2      | Reached skill level 1 in Evocations
  1320 | D:2      | Reached XP level 4. HP: 34/34 MP: 11/11
  1325 | D:2      | Learned a level 3 spell: Spider Form
  1646 | D:3      | Gained mutation: Your mind is acute. (Int +2) [potion of mutation]
  1646 | D:3      | Gained mutation: You can translocate small distances at will. [potion of mutation]
  1646 | D:3      | Gained mutation: You are weak. (Str -2) [potion of mutation]
  1646 | D:3      | Gained mutation: Your mind is very acute. (Int +4) [potion of mutation]
  1660 | D:3      | HP: 1/34 [something/magic dart (2)]
  2257 | D:2      | Reached skill level 1 in Conjurations
  2257 | D:2      | Reached skill level 1 in Hexes
  2257 | D:2      | Reached skill level 1 in Charms
  2257 | D:2      | Reached skill level 1 in Summonings
  2257 | D:2      | Reached skill level 1 in Necromancy
  2257 | D:2      | Reached skill level 1 in Translocations
  2257 | D:2      | Reached skill level 1 in Fire Magic
  2257 | D:2      | Reached skill level 1 in Ice Magic
  2257 | D:2      | Reached skill level 1 in Air Magic
  2257 | D:2      | Reached skill level 1 in Earth Magic
  2257 | D:2      | Reached skill level 1 in Poison Magic
  2413 | D:2      | Reached XP level 5. HP: 24/40 MP: 10/12
  2698 | D:3      | Found a shadowy altar of Dithmenos.
  2893 | D:3      | Noticed Terence
  2967 | D:3      | Killed Terence
  2968 | D:3      | Reached XP level 6. HP: 30/47 MP: 9/13
  3544 | D:3      | Learned a level 4 spell: Ice Form
  3761 | D:4      | Reached skill level 5 in Dodging
  4062 | D:4      | Noticed Robin
  4066 | D:4      | Killed Robin
  4391 | D:4      | Found a glowing golden altar of the Shining One.
  4488 | D:4      | Reached XP level 7. HP: 52/52 MP: 10/15
  4524 | D:4      | Reached skill level 7 in Unarmed Combat
  4596 | D:4      | Noticed Duvessa
  4604 | D:4      | Noticed Dowan
  4604 | D:4      | Killed Duvessa
  4607 | D:4      | Killed Dowan
  4633 | D:4      | Learned a level 5 spell: Blade Hands
  4809 | D:4      | Noticed Eustachio
  4826 | D:4      | Killed Eustachio
  4826 | D:4      | Reached XP level 8. HP: 60/60 MP: 13/16
  4914 | D:5      | Entered Level 5 of the Dungeon
  5595 | D:5      | Noticed a hippogriff
  5623 | D:5      | Killed a hippogriff
  6077 | D:6      | Found a stormy altar of Qazlal.
  6113 | D:6      | Found a snail-covered altar of Cheibriados.
  6130 | D:6      | Got a dull robe
  6141 | D:6      | Identified the cursed +0 robe of Qazlal's Supremacy {rC+ Dex+5} (You found it on level 6 of the Dungeon)
  6389 | D:6      | Found a staircase to the Ecumenical Temple.
  6407 | Temple   | Entered the Ecumenical Temple
  6503 | Temple   | Became a worshipper of Warmaster Okawaru
  6616 | D:7      | Found Vuvu's Jewellery Shoppe.
  6693 | D:7      | Noticed a hippogriff
  6707 | D:7      | Killed a hippogriff
  6720 | D:7      | Reached XP level 9. HP: 21/66 MP: 18/18
  6937 | D:7      | Found a sand-covered staircase.
  6961 | Ossuary  | Entered an ossuary
  7072 | Ossuary  | Reached skill level 5 in Transmutations
  7136 | Ossuary  | Reached * piety under Okawaru
  7546 | D:7      | Reached skill level 5 in Fighting
  7656 | D:7      | Found a shimmering altar of Xom.
  7918 | D:8      | Reached ** piety under Okawaru
  7922 | D:8      | Reached skill level 8 in Unarmed Combat
  7941 | D:8      | Found a shimmering altar of Xom.
  8029 | D:8      | Reached skill level 5 in Invocations
  8421 | D:8      | Noticed a two-headed ogre
  8519 | D:7      | Killed a two-headed ogre
  8519 | D:7      | Reached XP level 10. HP: 26/75 MP: 20/20
  8752 | D:8      | Reached *** piety under Okawaru
  8773 | D:8      | Found a shadowy altar of Dithmenos.
  8820 | D:8      | Reached skill level 5 in Short Blades
  8820 | D:8      | Reached skill level 5 in Long Blades
  8820 | D:8      | Reached skill level 5 in Axes
  8820 | D:8      | Reached skill level 5 in Maces & Flails
  8820 | D:8      | Reached skill level 5 in Polearms
  8820 | D:8      | Reached skill level 5 in Staves
  8820 | D:8      | Reached skill level 5 in Slings
  8820 | D:8      | Reached skill level 5 in Bows
  8820 | D:8      | Reached skill level 5 in Crossbows
  8820 | D:8      | Reached skill level 5 in Throwing
  8820 | D:8      | Reached skill level 5 in Armour
  8820 | D:8      | Reached skill level 5 in Stealth
  8820 | D:8      | Reached skill level 5 in Shields
  8820 | D:8      | Reached skill level 5 in Evocations
  9153 | D:8      | Found a shadowy altar of Dithmenos.
  9154 | D:8      | Found a radiant altar of Vehumet.
  9179 | D:8      | Found Vafamih's Gadget Shop.
  9182 | D:8      | Bought a sack of spiders for 200 gold pieces
  9237 | D:8      | Received a gift from Okawaru
  9602 | D:9      | Found a deep blue altar of Sif Muna.
  9634 | D:9      | Found a sacrificial altar of Ru.
  9803 | D:9      | Learned a level 1 spell: Apportation
  9805 | D:9      | Learned a level 1 spell: Summon Butterflies
 10218 | D:9      | Learned a level 3 spell: Tukima's Dance
 10240 | D:10     | Entered Level 10 of the Dungeon
 10315 | D:10     | Noticed Sonja
 10317 | D:10     | Cast into level 2 of the Abyss (Sonja)
 10379 | Abyss:2  | Gained mutation: Scrolls take you a little longer to read. [a neqoxec]
 10443 | Abyss:2  | Noticed a smoke demon
 10459 | Abyss:2  | Reached **** piety under Okawaru
 10460 | Abyss:2  | HP: 3/76 [raiju/living lightning (18)]
 10461 | Abyss:2  | Slain by a raiju

Vault maps used:
D:1:      dpeg_arrival_tiny_c
D:2:      serial_glass, glass_columns_c, glass_columns_a, due_unseen_surprise,
          feat_on_display, minmay_strange_pillars, item_on_display_a,
          first_ration
D:3:      cheibrodos_pilgrimage, nrook_mini_vaults,
          nicolae_dithmenos_shadow_blocks, uniq_terence
D:4:      tso_metal_star, uniq_duvessa, uniq_eustachio, uniq_robin
D:6:      lemuel_crystal_altar, temple_hall, basic_altar
D:7:      xom_butterflies, enter_ossuary_4, serial_shops, shop_fountains,
          the_bakery
D:8:      gammafunk_temple_overflow_statue, serial_shops, kennysheep_mini,
          basic_altar, xom_confusion_cloud
D:9:      led_sif_pool, nicolae_ru_awakened_eye
D:10:     grunt_lair_entry_orc_guard_hut, david_orc_5, uniq_sonja, uniq_maurice
Temple:   eino_temple_scatter_basement
Ossuary:  ossuary_tomb_2

Skill      XL: |  1  2  3  4  5  6  7  8  9 10 |
---------------+-------------------------------+-----
Spellcasting   | 5 6 7 |  7.5
Invocations    | 1 2 3 4 5 6 |  6.1
Short Blades   | 1 2 3 4 5 |  5.5
Long Blades    | 1 2 3 4 5 |  5.5
Axes           | 1 2 3 4 5 |  5.5
Maces & Flails | 1 2 3 4 5 |  5.5
Polearms       | 1 2 3 4 5 |  5.5
Staves         | 1 2 3 4 5 |  5.5
Slings         | 1 2 3 4 5 |  5.5
Bows           | 1 2 3 4 5 |  5.5
Crossbows      | 1 2 3 4 5 |  5.5
Throwing       | 1 2 3 4 5 |  5.5
Armour         | 1 2 3 4 5 |  5.5
Stealth        | 1 2 3 4 5 |  5.5
Shields        | 1 2 3 4 5 |  5.5
Evocations     | 1 2 3 4 5 |  5.5
Conjurations   | 1 2 3 4 |  4.6
Hexes          | 1 2 3 4 |  4.6
Charms         | 1 2 3 4 |  4.6
Summonings     | 1 2 3 4 |  4.6
Necromancy     | 1 2 3 4 |  4.6
Translocations | 1 2 3 4 |  4.6
Fire Magic     | 1 2 3 4 |  4.6
Ice Magic      | 1 2 3 4 |  4.6
Air Magic      | 1 2 3 4 |  4.6
Earth Magic    | 1 2 3 4 |  4.6
Poison Magic   | 1 2 3 4 |  4.6
Fighting       | 3 4 5 6 |  6.2
Transmutations | 4 5 6 |  6.0
Dodging        | 5 6 7 |  7.3
Unarmed Combat | 7 8 |  8.7

Action                   |  1- 3 |  4- 6 |  7- 9 | 10-12 || total
-------------------------+-------+-------+-------+-------++-------
Melee: Unarmed           |   122 |   164 |   475 |   151 ||   912
       Punch             |     3 |     3 |    12 |     3 ||    21
       Bite              |    10 |    12 |    54 |    14 ||    90
       Headbutt          |     5 |     3 |       |       ||     8
       Kick              |       |     4 |     2 |       ||     6
Throw: Stone             |       |    11 |       |       ||    11
       Javelin           |       |     2 |     5 |     9 ||    16
 Cast: Beastly Appendage |     2 |     7 |     1 |       ||    10
       Sticks to Snakes  |       |     9 |       |       ||     9
       Ice Form          |       |     3 |     8 |     4 ||    15
       Spider Form       |       |       |     5 |     3 ||     8
       Blade Hands       |       |       |     1 |     3 ||     4
  Use: Potion            |       |     3 |       |     2 ||     5
       Scroll            |       |     1 |    13 |     4 ||    18
 Stab: Sleeping          |     3 |     5 |     4 |     2 ||    14
       Distracted        |       |     1 |       |       ||     1
  Eat: Chunk             |     1 |    11 |    11 |     7 ||    30
       Ration            |       |       |     1 |       ||     1
Armor: Robe              |    25 |    27 |    88 |    19 ||   159
       Skin              |       |    11 |    32 |    25 ||    68
Dodge: Dodged            |    69 |   154 |   316 |   147 ||   686
Block: Buckler           |       |       |    25 |    17 ||    42

Table legend:
 A = Spawn XP
 B = Non-spawn XP
 C = Spawn XP percentage of total XP
 D = Spawn monster count
 E = Non-spawn monster count
 F = Spawn count percentage of total count
 G = Total turns spent on level
                    A         B        C        D         E        F      G
               +---------+---------+-------+---------+---------+-------+---------
         Total |     882 |    7678 |  10.3 |       4 |     250 |   1.6 | 10461
               +---------+---------+-------+---------+---------+-------+---------
           D:1 |       0 |      51 |   0.0 |       0 |      24 |   0.0 |   881
           D:2 |       0 |     115 |   0.0 |       0 |      21 |   0.0 |  1419
           D:3 |       0 |     189 |   0.0 |       0 |      42 |   0.0 |  1290
           D:4 |       0 |     904 |   0.0 |       0 |      31 |   0.0 |  1324
           D:5 |       0 |     421 |   0.0 |       0 |       7 |   0.0 |  1159
           D:6 |       0 |     275 |   0.0 |       0 |      10 |   0.0 |   433
           D:7 |       0 |    2123 |   0.0 |       0 |      33 |   0.0 |  1654
           D:8 |       0 |    1726 |   0.0 |       0 |      25 |   0.0 |   901
           D:9 |       0 |    1212 |   0.0 |       0 |      15 |   0.0 |   748
          D:10 |       0 |     131 |   0.0 |       0 |       5 |   0.0 |    77
       Abyss:2 |     882 |       0 | 100.0 |       4 |       0 | 100.0 |   144
       Ossuary |       0 |     531 |   0.0 |       0 |      37 |   0.0 |   321
               +---------+---------+-------+---------+---------+-------+---------
